 Dungeon Crawl Stone Soup version 0.28-a0-674-gdaf460b524 (webtiles) character file.

Game seed: 12110210868890966595

121 tatocazan the Skirmisher (level 4, -8/37 HPs)
             Began as a Demonspawn Fighter on Oct 17, 2021.
             Mangled by Natasha (10 damage)
             ... on level 2 of the Dungeon.
             The game lasted 00:01:47 (2147 turns).

tatocazan the Skirmisher (Demonspawn Fighter)       Turns: 2147, Time: 00:01:48

Health: -8/37      AC:  0    Str: 17    XL:     4   Next: 77%
Magic:  4/4        EV: 17    Int:  9    God:
Gold:   60         SH:  0    Dex: 22    Spells: 3/3 levels left

rFire   . . .      SeeInvis .   (weapon currently unavailable)
rCold   . . .      Faith    .   (shield currently unavailable)
rNeg    . . .      Spirit   .   (armour currently unavailable)
rPois   .          Reflect  .   (helmet currently unavailable)
rElec   .          Harm     .   (cloak currently unavailable)
rCorr   .          Rampage  .   (gloves currently unavailable)
Will    .....                   (boots currently unavailable)
Stlth   ++++......              (no amulet)
HPRegen 0.12/turn               (ring currently unavailable)
MPRegen 0.09/turn               (ring currently unavailable)

@: bat-form (expiring), flying, slowed, quick
A: fast, flying, no casting, tiny, thin skeletal structure 2
a: no special abilities


You were on level 2 of the Dungeon.
You were a bat.
You visited 1 branch of the dungeon, and saw 2 of its levels.

You collected 60 gold pieces.

Inventory:

Hand Weapons
 a - a +0 war axe (melded)
Armour
 b - a +0 scale mail (melded)
 c - a +0 buckler (melded)
 e - a +0 helmet (melded)
 k - a +2 pair of gloves (melded)
 m - a +0 cloak (melded)
Scrolls
 f - a scroll of immolation {unknown}
 g - a scroll of teleportation {unknown}
 h - 2 scrolls of vulnerability {unknown}
 i - 2 scrolls of identify {unknown}
 l - a scroll of magic mapping {unknown}
Potions
 d - a potion of might
 j - a potion of heal wounds {unknown}


   Skills:
 + Level 3.7 Fighting
 + Level 2.7 Axes
 + Level 3.4 Armour
 + Level 3.4 Shields


You had 3 spell levels left.
You didn't know any spells.
Your spell library contained the following spells:

 Spells                   Type           Power      Damage    Failure   Level
 Freeze                   Ice            0%         1d3       38%         1
 Frozen Ramparts          Ice            0%         1d2       77%         3
 Summon Guardian Golem    Hex/Summ       0%         N/A       77%         3
 Hailstorm                Conj/Ice       0%         3d3       99%         4
 Orb of Destruction       Conj           0%         N/A       100%        7
 Spellforged Servitor     Conj/Summ      0%         N/A       100%        7


Dungeon Overview and Level Annotations

Branches:
Dungeon (2/15)

Altars:

Annotations:
D:2 Natasha


Innate Abilities, Weirdness & Mutations

You are a bat.
You are tiny and dextrous.
You move quickly.
You are flying.
Your equipment is almost entirely melded.
You are incapable of wielding weapons or throwing items.
You cannot cast spells.
You have a moderately thin skeletal structure. (Dex +4, Stealth++)


Message History

You are too injured to fight recklessly!
You are too injured to fight recklessly!
You are too injured to fight recklessly!
You are too injured to fight recklessly!
You are too injured to fight recklessly!
You are too injured to fight recklessly!
You are too injured to fight recklessly!
You are too injured to fight recklessly!
You are too injured to fight recklessly!
You are too injured to fight recklessly!
You are too injured to fight recklessly!
You are too injured to fight recklessly!
You are too injured to fight recklessly!
You are too injured to fight recklessly!
You barely miss Natasha. The crimson imp misses you. The hobgoblin misses you.
Natasha closely misses you. The crimson imp closely misses you.
The hobgoblin barely misses you.
You hit Natasha.
Natasha is lightly wounded.
Natasha claws you.
The crimson imp blinks!
The hobgoblin hits you. Natasha claws you.
* * * LOW HITPOINT WARNING * * *
You take 13 damage, and have 9/37 hp.
MASSIVE DAMAGE!!
You hit Natasha but do no damage.
Natasha is lightly wounded.
The hobgoblin hits you.
* * * LOW HITPOINT WARNING * * *
Natasha casts a spell at you. The magic dart hits you.
* * * LOW HITPOINT WARNING * * *
You take 7 damage, and have 2/37 hp.
You barely miss Natasha.
Natasha is lightly wounded.
Your transformation is almost over.
The crimson imp blinks!
The hobgoblin closely misses you. Natasha closely misses you.
The hobgoblin misses you.
Natasha howls an incantation.
Natasha glows brightly for a moment.
Natasha claws you!
You die...

#### #...# ##### #...#
....# #...##....# ###
#....)..5. #......#
...§...
..##......#####.hg#
...#......##....b.#
...#......##.#...§#
.............#...##
..........#...##......
..........#...........
.......#...##.#......#
.......#......#......#
....#...##.#...##....#
###.#......#........##


You could see Natasha, a crimson imp (summoned) and a hobgoblin.

Vanquished Creatures
  Natasha (twice) (D:2)
  3 adders (D:2)
  2 worms (D:2)
  2 dart slugs (D:2)
  2 endoplasms (D:2)
  3 giant cockroaches
  3 hobgoblins
  2 jackals (D:1)
  2 quokkas
  3 ball pythons
  6 bats
  4 frilled lizards (D:1)
  2 goblins (D:2)
  4 kobolds
  2 rats
42 creatures vanquished.

Notes
Turn   | Place    | Note
-------+----------+-------------------------------------------
     0 | D:1      | tatocazan the Demonspawn Fighter began the quest for the
                  | Orb.
     0 | D:1      | Reached XP level 1. HP: 18/18 MP: 1/1
   462 | D:1      | Gained mutation: You have a somewhat thin skeletal
                  | structure. (Dex +2, Stealth+) [demonic ancestry]
   462 | D:1      | Reached XP level 2. HP: 15/24 MP: 2/2
  1184 | D:2      | Reached XP level 3. HP: 22/29 MP: 3/3
  1636 | D:2      | Noticed Natasha
  1644 | D:2      | Killed Natasha
  1645 | D:2      | Gained mutation: You have a moderately thin skeletal
                  | structure. (Dex +4, Stealth++) [demonic ancestry]
  1645 | D:2      | Reached XP level 4. HP: 14/36 MP: 4/4
  1745 | D:2      | Noticed Natasha
  1754 | D:2      | Killed Natasha
  2133 | D:2      | Noticed Natasha
  2147 | D:2      | Mangled by Natasha

Illustrated notes

Levels and vault maps discovered:
D:1:      kilobyte_arrival_exit_the_forest, layout_rooms,
          minmay_misc_feat_more_columns, roderic_serpentine_path,
          amethyst_killhole, minmay_splitting_lines
D:2:      layout_basic, hangedman_decor_points, uniq_natasha

Skill      XL: |  1  2 |
---------------+-------+-----
Axes           | 2 |  2.7
Armour         | 3 |  3.4
Shields        | 3 |  3.4
Fighting       | |  3.7

Action                   |  1- 3 |  4- 6 || total
-------------------------+-------+-------++-------
Melee: War axe           |    91 |    31 ||   122
       Unarmed           |       |    12 ||    12
 Stab: Sleeping          |       |     1 ||     1
Armor: Scale mail        |    51 |     6 ||    57
Dodge: Dodged            |    58 |    35 ||    93
Block: Buckler           |    35 |     8 ||    43

Table legend: (Time is in decaauts)
 A = Elapsed time spent in this place.
 B = Non-inter-level travel time spent in this place.
 C = Inter-level travel time spent in this place.
 D = Time resting spent in this place.
 E = Time spent auto-exploring this place.
 F = Levels seen in this place.
 G = Mean time per level.
                   A        B        C        D        E       F      G
               +--------+--------+--------+--------+--------+-----+--------+
         Total |   2206 |   2171 |     35 |    633 |   1185 |   2 | 1103.0 |
       Dungeon |   2206 |   2171 |     35 |    633 |   1185 |   2 | 1103.0 |
               +--------+--------+--------+--------+--------+-----+--------+

Top non-repeatable levels by time:
     D:1: 1194 daAuts
     D:2: 1012 daAuts
